 Dungeon Crawl Stone Soup version 0.30-a0-694-g3340775977 (webtiles) character file.

Game seed: 14549724534718351879

21 Dartaoz the Chopper (level 2, 0/26 HPs)
             Began as a Minotaur Fighter on Jan 20, 2023.
             Slain by Terence
             ... wielding a +0 morningstar
              (11 damage)
             ... on level 2 of the Dungeon.
             The game lasted 00:01:04 (383 turns).

Dartaoz the Chopper (Minotaur Fighter)               Turns: 383, Time: 00:01:04

Health: 0/26       AC:  6    Str: 20    XL:     2   Next: 62%
Magic:  1/1        EV:  9    Int:  5    God:
Gold:   65         SH:  4    Dex:  9    Spells: 1/1 levels left

rFire   . . .      SeeInvis .    a - +0 war axe
rCold   . . .      Faith    .    c - +0 buckler
rNeg    . . .      Spirit   .    b - +0 scale mail
rPois   .          Reflect  .    (helmet restricted)
rElec   .          Harm     .    (no cloak)
rCorr   .          Rampage  .    (no gloves)
Will    .....                    (no boots) Stlth
                                 (no amulet)
HPRegen 0.24/turn                (no ring)
MPRegen 0.07/turn                (no ring)

@: no status effects
A: horns 2, retaliatory headbutt
a: no special abilities


You were on level 2 of the Dungeon.
You visited 1 branch of the dungeon, and saw 2 of its levels.

You collected 65 gold pieces.

Inventory:

Hand Weapons
 a - a +0 war axe (weapon)
Armour
 b - a +0 scale mail (worn)
 c - a +0 buckler (worn)
Scrolls
 e - a scroll of identify {unknown}
Potions
 d - a potion of might
 f - 4 potions of attraction {unknown}
 g - a potion of resistance {unknown}


   Skills:
 - Level 3.6 Fighting
 + Level 4.0 Axes
 - Level 3.6 Armour
 - Level 3.6 Shields


You had one spell level left.
You didn't know any spells.
Your spell library was empty.

Dungeon Overview and Level Annotations

Branches:
Dungeon (2/15)

Altars:

Annotations:
D:2 Terence


Innate Abilities, Weirdness & Mutations

You have a pair of horns on your head.
You reflexively headbutt those who attack you in melee.


Message History

A bat comes into view.
The bat hits you but does no damage.
You closely miss the bat. You block the bat's attack.
The bat closely misses you.
A bat is nearby!
You slash the bat!
You kill the bat!
f - 4 golden potions (gained 2)
You open the door.
There is an open door here.
A dart slug comes into view.
A dart slug is nearby!
A sourceless malevolence fills the Dungeon...
You fall into a shaft and drop 1 floor!
The shaft crumbles and collapses.
Found a stone staircase leading down.
A quokka comes into view.
Found 5 gold pieces.
Found a stone staircase leading up.
The quokka barely misses you. You furiously retaliate!
You headbutt the quokka, but do no damage.
You hit the quokka.
You kill the quokka!
Your Axes skill increases to level 4!
Terence and a gnoll come into view.
Terence shouts!
Terence moves out of view.
A gnoll comes into view. It is wielding a +0 whip.
Found a scroll labelled JOKETE LULUOJ.
The gnoll shouts!
A gnoll comes into view. It is wielding a +0 halberd.
The gnoll shouts!
The gnoll barely misses you.
You barely miss the gnoll. The gnoll hits you with a +0 halberd!
You slash the gnoll!
The gnoll is severely wounded.
The gnoll hits you with a +0 halberd.
A ball python comes into view.
The gnoll hits you with a +0 halberd. Terence hits you with a +0 morningstar!
You die...

#. #.########.
##.#.S? #.# #.
....... #.# #.
##.##.#####.# #.
.........#.# #.
##.........# #.
......<....# #.
########@.....>#
#.
....ggg@......##
#.
########......#
#. ...$.........
#.
##############
#. #. #. #. #.
#.


You could see Terence, 3 gnolls and a ball python (wandering).

Vanquished Creatures
  An endoplasm (D:1)
  3 hobgoblins (D:1)
  3 jackals (D:1)
  A quokka (D:2)
  A ball python (D:1)
  4 bats (D:1)
  3 frilled lizards (D:1)
  A kobold (D:1)
  2 rats (D:1)
19 creatures vanquished.

Notes
Turn   | Place    | Note
-------+----------+-------------------------------------------
     0 | D:1      | Dartaoz the Minotaur Fighter began the quest for the Orb.
     0 | D:1      | Reached XP level 1. HP: 19/19 MP: 0/0
    26 | D:1      | Reached skill level 3 in Axes
   120 | D:1      | Reached XP level 2. HP: 26/26 MP: 1/1
   346 | D:1      | You fall into a shaft and drop 1 floor!
   376 | D:2      | Reached skill level 4 in Axes
   378 | D:2      | Noticed Terence
   383 | D:2      | Slain by Terence

Illustrated notes

Levels and vault maps discovered:
D:1:      dpeg_arrival_windows_large_door, layout_basic, minmay_tromino_mix6
D:2:      layout_basic, serial_corexii_hall, chequers_hall_statues_corner_a,
          chequers_hall_statues_wall_a, uniq_terence

Skill      XL: |  1  2 |
---------------+-------+-----
Axes           | 3 4 |  4.0
Fighting       | |  3.6
Armour         | |  3.6
Shields        | |  3.6

Action                   || total
-------------------------++-------
Melee: War axe           ||    34
       Headbutt          ||     5
Armor: Scale mail        ||    19
Dodge: Dodged            ||    14
Block: Buckler           ||     7

Table legend: (Time is in decaauts)
 A = Elapsed time spent in this place.
 B = Non-inter-level travel time spent in this place.
 C = Inter-level travel time spent in this place.
 D = Time resting spent in this place.
 E = Time spent auto-exploring this place.
 F = Levels seen in this place.
 G = Mean time per level.
                   A        B        C        D        E       F      G
               +--------+--------+--------+--------+--------+-----+--------+
         Total |    394 |    394 |      0 |      0 |    295 |   2 |  197.0 |
       Dungeon |    394 |    394 |      0 |      0 |    295 |   2 |  197.0 |
               +--------+--------+--------+--------+--------+-----+--------+

Top non-repeatable levels by time:
     D:1: 357 daAuts
     D:2: 37 daAuts
